Map: Proxima Station LE

Players

Harstem

  • Race: Protoss Protoss
  • Spawn Location: 1:00

LiquidTLO (TLO) - Winner!

  • Race: Zerg Zerg
  • Spawn Location: 7:00

Event: WCS Jonkoping 2017

VOD

Have the link to the VOD?

Description

Time

  • Played on: June 17, 2017, 10:06 a.m.
  • Length: 10:11

All games in this series

Show
View Real Time Build Order
Export as new Build Order

Harstem Protoss 

Build Orders: 1 Gate Expand, Oracle Opening, Zealot Archon 

Get SALT Encoding   

  12  0:00  Probe (Chrono Boost)  
  13  0:11  Probe (Chrono Boost)  
  14  0:17  Pylon  
  14  0:22  Probe (Chrono Boost)  
  16  0:35  Probe (Chrono Boost)  
  16  0:38  Gateway  
  16  0:46  Probe (Chrono Boost)  
  16  0:49  Assimilator  
  17  0:57  Probe (Chrono Boost)  
  18  1:07  Probe (Chrono Boost)  
  19  1:18  Probe (Chrono Boost)  
  20  1:25  Nexus  
  20  1:35  Cybernetics Core  
  20  1:39  Probe (Chrono Boost)  
  21  1:45  Assimilator  
  21  1:49  Probe (Chrono Boost)  
  22  1:54  Pylon  
  22  2:00  Probe (Chrono Boost)  
  23  2:12  Probe (Chrono Boost)  
  23  2:13  Stargate  
  24  2:18  Adept (Chrono Boost)  
  26  2:23  Probe  
  26  2:26  Warp Gate  
  27  2:35  Probe  
  27  2:36  Probe  
  28  2:42  Adept (Chrono Boost)  
  31  2:46  Probe  
  31  2:48  Probe  
  33  2:57  Probe, Oracle (Chrono Boost)  
  37  3:01  Probe  
  38  3:07  Probe, Adept  
  41  3:14  Pylon  
  41  3:16  Probe  
  41  3:18  Probe  
  43  3:28  Probe  
  43  3:29  Probe  
  43  3:32  Oracle (Chrono Boost)  
  48  3:39  Probe  
  48  3:40  Probe  
  50  3:50  Probe  
  50  3:52  Probe  
  50  3:53  Nexus  
  52  3:57  Pylon  
  52  4:00  Probe  
  53  4:04  Probe  
  54  4:11  Assimilator  
  54  4:14  Probe, Assimilator  
  54  4:16  Probe  
  56  4:17  Pylon  
  56  4:24  Probe  
  56  4:28  Probe  
  56  4:29  Gateway  
  56  4:30  Gateway  
  58  4:35  Probe  
  57  4:39  Adept  
  58  4:47  Probe (Chrono Boost)  
  58  4:48  Forge, Robotics Facility  
  58  4:50  Mothership Core (Chrono Boost)  
  58  4:51  Twilight Council  
  58  4:52  Pylon  
  60  4:59  Probe (Chrono Boost)  
  61  5:05  Probe (Chrono Boost)  
  61  5:06  Sentry  
  64  5:09  Probe (Chrono Boost)  
  64  5:10  Probe (Chrono Boost), Protoss Ground Weapons Level 1  
  66  5:20  Probe (Chrono Boost)  
  68  5:21  Probe (Chrono Boost)  
  68  5:22  Probe (Chrono Boost)  
  68  5:26  Pylon  
  69  5:30  Zealot, Probe (Chrono Boost)  
  69  5:31  Probe x2 (Chrono Boost)  
  69  5:32  Charge (Chrono Boost)  
  69  5:34  Templar Archives  
  74  5:35  Warp Prism (Chrono Boost)  
  74  5:42  Probe, Assimilator  
  77  5:44  Probe  
  77  5:45  Gateway, Assimilator  
  77  5:47  Gateway  
  79  5:53  Gateway  
  79  5:54  Probe  
  79  5:56  Probe  
  80  5:58  Probe, Gateway  
  80  6:01  Gateway  
  81  6:06  Probe  
  81  6:08  Pylon, Probe  
  84  6:11  Pylon  
  84  6:15  Immortal (Chrono Boost)  
  87  6:21  Probe  
  87  6:25  Stargate  
  88  6:27  Probe  
  88  6:31  Stargate  
  89  6:33  Pylon  
  89  6:34  Photon Cannon  
  89  6:35  Photon Cannon  
  89  6:38  Pylon  
  86  6:49  Probe  
  86  6:52  Probe, High Templar  
  86  6:53  High Templar  
  86  6:54  Zealot x3  
  98  6:56  Pylon  
  98  6:57  Photon Cannon  
  98  6:59  Pylon  
  98  7:00  Archon  
  95  7:02  Pylon  
  95  7:05  Protoss Ground Weapons Level 2 (Chrono Boost)  
  95  7:07  Pylon  
  95  7:08  Phoenix (Chrono Boost)  
  99  7:17  High Templar x2  
  99  7:18  Zealot x2  
  99  7:19  Phoenix (Chrono Boost)  
  99  7:22  Archon  
  107  7:26  Stalker  
  107  7:30  Protoss Air Weapons Level 1, Phoenix (Chrono Boost)  
  107  7:33  Probe  
  110  7:40  Pylon  
  110  7:42  Probe  
  110  7:44  Phoenix (Chrono Boost)  
  112  7:47  Probe  
  113  7:51  Probe  
  113  7:52  Phoenix (Chrono Boost)  
  113  7:56  Probe, Immortal (Chrono Boost)  
  118  8:03  Psionic Storm  
  118  8:10  High Templar  
  118  8:11  High Templar  
  119  8:14  Probe x2  
  119  8:15  Probe  
  119  8:18  Zealot x2  
  119  8:19  Zealot x2  
  130  8:26  Pylon, Probe  
  131  8:28  Robotics Facility, High Templar  
  131  8:32  Immortal  
  137  8:41  Pylon  
  137  8:42  Nexus  
  137  8:44  Pylon  
  137  8:48  High Templar, Assimilator  
  139  8:52  Assimilator  
  139  9:02  Gateway  
  137  9:03  High Templar x2  
  137  9:04  Gateway  
  137  9:06  Photon Cannon  
  137  9:08  Archon  
  140  9:16  Immortal  
  138  9:22  Immortal  
  146  9:25  Photon Cannon  
  146  9:26  High Templar  
  146  9:27  Photon Cannon  
  148  9:31  Probe  
  148  9:34  Gateway  
  148  9:35  Gateway  
  148  9:37  Gateway  
  149  9:45  High Templar x2  
  137  9:47  Zealot x5  
  127  9:54  Archon x2  
  127  9:57  Archon  
  117  10:03  Zealot  
Show
View Real Time Build Order
Export as new Build Order

LiquidTLO Zerg - Winner!

Build Orders: Hatch First, Muta Ling Bane 

Get SALT Encoding   

  12  0:00  Drone  
  13  0:12  Overlord  
  13  0:16  Drone  
  14  0:30  Drone  
  14  0:31  Drone  
  14  0:35  Drone  
  17  0:52  Hatchery  
  17  0:54  Drone  
  17  1:08  Spawning Pool  
  17  1:11  Drone  
  17  1:15  Drone  
  17  1:18  Drone  
  19  1:27  Drone  
  19  1:30  Extractor  
  19  1:38  Overlord  
  19  1:52  Drone  
  20  1:55  Queen  
  22  2:02  Drone  
  22  2:04  Queen  
  22  2:06  Drone  
  26  2:17  Hatchery  
  26  2:20  Zergling x2  
  26  2:24  Drone  
  26  2:28  Drone  
  26  2:29  Drone  
  29  2:33  Drone  
  29  2:36  Drone  
  31  2:42  Queen  
  33  2:46  Zergling x2  
  33  2:49  Drone  
  35  2:55  Overlord  
  35  2:58  Drone  
  36  3:01  Metabolic Boost  
  36  3:08  Overlord  
  36  3:13  Spore Crawler  
  36  3:14  Spore Crawler, Drone  
  36  3:17  Drone x2  
  36  3:22  Drone x2  
  38  3:29  Drone  
  38  3:33  Spore Crawler  
  38  3:35  Drone  
  38  3:36  Zergling x2  
  38  3:38  Zergling x2  
  38  3:39  Zergling x2  
  38  3:40  Drone  
  43  3:42  Drone  
  43  3:44  Drone  
  43  3:45  Drone  
  43  3:47  Drone  
  47  3:49  Drone  
  47  3:51  Drone  
  47  3:52  Drone  
  47  3:55  Drone  
  51  4:01  Lair  
  51  4:03  Extractor, Drone  
  51  4:04  Drone  
  51  4:06  Drone  
  52  4:10  Drone  
  52  4:11  Overlord  
  52  4:14  Overlord  
  52  4:15  Drone  
  54  4:17  Drone  
  54  4:20  Drone  
  54  4:22  Zergling x4  
  57  4:31  Zergling x4  
  57  4:32  Drone  
  57  4:34  Drone  
  57  4:37  Spore Crawler  
  57  4:38  Drone  
  58  4:39  Drone  
  58  4:41  Drone  
  58  4:43  Drone  
  58  4:45  Drone  
  62  4:46  Extractor  
  62  4:47  Extractor, Drone x2  
  62  4:50  Extractor  
  62  4:51  Extractor, Drone x2  
  62  4:53  Drone  
  62  4:59  Drone  
  64  5:03  Drone, Hydralisk Den  
  64  5:04  Spire  
  64  5:06  Drone x2  
  63  5:14  Drone  
  63  5:18  Drone  
  63  5:19  Drone  
  63  5:21  Drone  
  66  5:22  Drone  
  66  5:24  Drone  
  66  5:25  Drone x2  
  66  5:26  Overlord  
  66  5:27  Overlord  
  70  5:30  Overlord  
  70  5:31  Overlord  
  70  5:33  Overlord  
  70  5:39  Overlord  
  70  5:43  Overlord  
  70  5:55  Hatchery  
  69  6:14  Drone x2  
  69  6:15  Mutalisk  
  69  6:16  Mutalisk x8  
  69  6:18  Drone x3  
  88  6:22  Drone  
  91  6:26  Evolution Chamber, Drone  
  91  6:27  Overlord  
  91  6:29  Drone  
  91  6:31  Muscular Augments  
  92  6:35  Baneling Nest  
  92  6:36  Drone  
  92  6:39  Zergling x8  
  96  6:41  Overlord  
  96  6:50  Zergling x10  
  96  6:51  Zergling x2  
  102  6:57  Zergling x4  
  104  7:03  Zerg Melee Weapons Level 1  
  104  7:04  Zergling x12  
  110  7:08  Hydralisk x2  
  110  7:11  Zergling x4  
  110  7:14  Hydralisk x2  
  120  7:16  Hydralisk  
  120  7:20  Baneling  
  120  7:21  Centrifical Hooks  
  122  7:23  Hydralisk  
  122  7:28  Overlord  
  124  7:32  Baneling, Overlord  
  124  7:37  Hydralisk x4  
  132  7:44  Hydralisk x3  
  132  7:46  Drone  
  132  7:47  Baneling  
  132  7:49  Hydralisk  
  141  7:52  Hydralisk  
  141  8:02  Hydralisk x4  
  141  8:03  Zergling x2  
  141  8:04  Zergling x2  
  151  8:08  Hydralisk  
  151  8:09  Hydralisk  
  151  8:10  Zergling x2  
  156  8:16  Hydralisk, Zergling x2  
  156  8:17  Overlord  
  159  8:22  Baneling  
  159  8:23  Baneling x10  
  159  8:31  Baneling x2  
  159  8:32  Baneling x5  
  159  8:36  Zergling x10  
  159  8:41  Zergling x6  
  167  8:43  Overseer, Spore Crawler  
  167  8:44  Zergling x2  
  167  8:48  Baneling x2  
  167  8:49  Baneling x6  
  167  9:02  Zergling x2  
  158  9:17  Zergling x2  
  158  9:18  Zergling x18  
  158  9:22  Overlord x3  
  167  9:25  Infestation Pit  
  167  9:26  Baneling x13  
  166  9:32  Overlord  
  166  9:33  Overlord  
  160  9:39  Zergling x2  
  160  9:42  Zergling x2  
  160  9:43  Zergling x22  
  160  9:44  Zergling x2  
  158  9:49  Zergling x2  
  158  9:50  Zergling x4  
  158  9:51  Zergling x2  
  155  9:53  Zergling x6  
  155  9:57  Baneling x2  
Tags
 
Add a new tag
Caveats
  • Supply blocks, unpowered buildings, or Contaminate may cause inaccurate times.
  • Supply counts are checked every 10 seconds.